 Dungeon Crawl Stone Soup version 0.30.0-29-ga12c61a403 (webtiles) character file.

Game seed: 13405339476009623601

423 LustLizard the Ruffian (level 6, 0/44 HPs)
             Began as an Octopode Berserker on June 23, 2023.
             Was a Priest of Trog.
             Slain by a scorpion (1 damage)
             ... on level 4 of the Dungeon.
             The game lasted 00:02:48 (1893 turns).

LustLizard the Ruffian (Octopode Berserker)         Turns: 1893, Time: 00:02:48

Health: 0/44       AC: -7    Str: 18    XL:     6   Next: 95%
Magic:  6/6        EV: 14    Int:  9    God:    Trog [***...]
Gold:   101        SH:  0    Dex: 12    Spells: 5/5 levels left

rFire   + .          .
                       - Unarmed
rCold   + . .        (no shield)
rNeg    + . .        (helmet restricted)
rPois   +            r - amulet of regeneration
rElec   +            p - ring of positive energy
rCorr   +            s - ring of poison resistance
SInv    .            (no ring)
Will    .....        (no ring)
Stlth   +++          (no ring)
HPRegen 1.07/turn    (no ring)
MPRegen 0.10/turn    (no ring)
                     (no ring)

%: no passive effects
@: mighty, lethally poisoned (0 -> -1), resistant, corroded
A: almost no armour, amphibious, 8 rings, camouflage 1, gelatinous body 1,
(nimble swimmer 1), tentacles
a: Renounce Religion, Berserk, Trog's Hand


You were on level 4 of the Dungeon.
You worshipped Trog.
Trog was most pleased with you.
You visited 1 branch of the dungeon, and saw 4 of its levels.

You collected 101 gold pieces.

Inventory:

Jewellery
 p - a ring of positive energy (left tentacle)
 r - an amulet of regeneration (around mantle)
 s - a ring of poison resistance (right tentacle)
Scrolls
 a - 4 scrolls of teleportation
 c - 2 scrolls of vulnerability {unknown}
 e - a scroll of fear {unknown}
 g - a scroll of amnesia {unknown}
 h - a scroll of magic mapping {unknown}
 j - 2 scrolls of noise {unknown}
 l - 2 scrolls of identify
 n - a scroll of blinking {unknown}
Potions
 f - a potion of haste {unknown}
 k - a potion of invisibility {unknown}
 m - a potion of brilliance {unknown}
 o - 2 potions of berserk rage
 q - a potion of heal wounds {unknown}


   Skills:
 + Level 4.3 Fighting
 + Level 4.2 Dodging
 + Level 4.1 Stealth
 * Level 5.2 Unarmed Combat


You had 5 spell levels left.
You didn't know any spells.
Your spell library was empty.

Dungeon Overview and Level Annotations

Branches:
Dungeon (4/15)
 Temple: D:4-7

Altars:


Innate Abilities, Weirdness & Mutations

You cannot wear most types of armour.
You are amphibious.
You can wear up to eight rings at the same time.
Your skin changes colour to match your surroundings (Stealth+).
Your rubbery body absorbs attacks. (AC +1, EV +1)
((You are camouflaged when in or above water. (Stealth+)))
You have tentacles for arms and can constrict up to eight enemies at once.


Message History

You constrict the adder.
You kill the adder!
Trog accepts your kill.
You closely miss the scorpion. You grab the scorpion.
You constrict the scorpion. The scorpion stings you.
You are poisoned.
The scorpion poisons you!
You tentacle-slap the scorpion.
The scorpion is moderately wounded.
You constrict the scorpion.
You feel very sick. The scorpion stings you.
You tentacle-slap the scorpion but do no damage.
You squeeze the scorpion.
The scorpion is moderately wounded.
You constrict the scorpion, but do no damage.
You feel sick. The scorpion stings you!
* * * LOW HITPOINT WARNING * * *
You tentacle-slap the scorpion but do no damage.
You squeeze the scorpion, but do no damage.
The scorpion is moderately wounded.
You constrict the scorpion, but do no damage.
You feel sick. The scorpion stings you.
* * * LOW HITPOINT WARNING * * *
You tentacle-slap the scorpion but do no damage.
The scorpion is moderately wounded.
You constrict the scorpion.
* * * LOW HITPOINT WARNING * * *
You feel sick. The scorpion completely misses you. The scorpion misses you.
It was a potion of might.
You feel very mighty all of a sudden.
You constrict the scorpion.
* * * LOW HITPOINT WARNING * * *
You feel sick. The scorpion barely misses you.
It was a potion of resistance.
You feel protected.
You constrict the scorpion.
* * * LOW HITPOINT WARNING * * *
You feel sick. The scorpion stings you.
You die...

.....##.#....#)....#....
....###.###..#..........
....# #.# #.............
).... ... ##.#..........
.......#. #.###........
>. .# #. ..###........ .
....##....#.... .#
##..##...## .##
...#..@## .. ......s.# .
........# .........
......... ..........
.......... ##.........


You could see a scorpion.

Vanquished Creatures
  An ogre (D:3)
  A phantom (D:3)
  A scorpion (D:3)
  2 jellies (D:4)
  An orc wizard (D:3)
  6 adders
  2 dart slugs
  6 orcs
  4 ball pythons
  7 endoplasms
  2 giant cockroaches (D:2)
  6 goblins
  7 hobgoblins
  6 kobolds
  4 quokkas
  3 bats
  A frilled lizard (D:3)
  5 rats
65 creatures vanquished.

Notes
Turn   | Place    | Note
-------+----------+-------------------------------------------
     0 | D:1      | LustLizard the Octopode Berserker began the quest for the
                  | Orb.
     0 | D:1      | Reached XP level 1. HP: 16/16 MP: 1/1
    92 | D:1      | Reached XP level 2. HP: 21/21 MP: 2/2
   144 | D:1      | Reached skill level 1 in Stealth
   495 | D:2      | Reached ** piety under Trog
   501 | D:2      | Reached XP level 3. HP: 24/26 MP: 3/3
   784 | D:2      | Found a faded altar of an unknown god.
  1130 | D:3      | Reached XP level 4. HP: 29/31 MP: 4/4
  1147 | D:3      | Noticed a phantom
  1158 | D:3      | Killed a phantom
  1159 | D:3      | Reached skill level 4 in Unarmed Combat
  1159 | D:3      | Reached XP level 5. HP: 37/37 MP: 5/5
  1159 | D:3      | Noticed an ogre
  1326 | D:3      | Killed an ogre
  1327 | D:3      | Reached XP level 6. HP: 43/43 MP: 6/6
  1610 | D:3      | Reached skill level 5 in Unarmed Combat
  1866 | D:4      | Reached *** piety under Trog
  1890 | D:4      | HP: 2/44 [scorpion (5)]
  1893 | D:4      | Slain by a scorpion

Illustrated notes

Levels and vault maps discovered:
D:1:      saegor_arrival_miasma, layout_rooms
D:2:      layout_rooms, serial_curves, eino_curves_02, eino_curves_02,
          shapermc_ecumenical_altar_starsandcircs, solitary_fountain,
          chequers_arboretum
D:3:      layout_rooms, kennysheep_minor_cross
D:4:      layout_cave_pools, supply_closet_lemuel, minmay_puff

Skill      XL: |  1  2  3  4  5  6 |
---------------+-------------------+-----
Stealth        | 1 2 3 4 |  4.1
Unarmed Combat | 4 5 |  5.2
Fighting       | 4 |  4.3
Dodging        | 4 |  4.2

Action                     |  1- 3 |  4- 6 || total
---------------------------+-------+-------++-------
  Melee: Unarmed           |    65 |    76 ||   141
         Constrict         |    17 |    12 ||    29
         Tentacles         |    14 |    19 ||    33
         Punch             |     2 |       ||     2
 Invoke: Berserk           |       |     3 ||     3
    Use: Scroll            |     1 |     4 ||     5
         Potion            |       |     2 ||     2
   Stab: Sleeping          |     8 |     4 ||    12
 Armour: Skin              |     5 |     4 ||     9
  Dodge: Dodged            |    19 |    45 ||    64
